AoeStats
← TheHaze

Glade

503171306Analyzed
1v1 RM · 11d ago on Aug 30, 2026· 47m 50s· 2 players
Game mode
Random Map
Map size
Tiny (2 player)
Population
200
Speed
Normal
Resources
Standard
Victory
Conquest
Starting age
Dark Age
Ending age
Imperial Age
RankedLock teamsTeams togetherTeam positionsShared explorationLock speedFull tech treeHidden civsTurbo modeCheats
Victory
Defeat
🇨🇭 Portuguese · Switzerland
1052
+17
🇨🇱 Britons · Chile
1066
-17
TheHaze
8:43 Loom
10:41 Feudal Age
14:37 Castle Age
12:57 Double-Bit Axe
12:58 Horse Collar
16:00 Wheelbarrow
17:41 Bow Saw
18:24 Fletching
19:28 Heavy Plow
22:12 Town Watch
22:28 Bodkin Arrow
22:26 Gold Mining
24:53 Hand Cart
29:56 Imperial Age
29:36 Masonry
31:40 Chemistry
31:01 Ballistics
31:10 Conscription
37:26 Two-Man Saw
37:02 Crop Rotation
38:36 Arquebus
42:41 Scale Barding Armor
42:47 Forging
42:37 Bracer
44:04 Chain Barding Armor
44:38 Bloodlines
43:49 Light Cavalry
44:29 Husbandry
45:52 Iron Casting
45:53 Plate Barding Armor
47:47 Cavalier
943L
5:31 Loom
11:08 Feudal Age
15:10 Castle Age
13:18 Double-Bit Axe
13:17 Horse Collar
14:19 Stone Mining
14:39 Gold Mining
20:41 Fletching
23:09 Ballistics
24:20 Town Watch
25:14 Wheelbarrow
30:10 Imperial Age
28:10 Padded Archer Armor
28:14 Heavy Plow
28:29 Bow Saw
28:31 Town Patrol
29:08 Hand Cart
29:21 Bodkin Arrow
32:25 Chemistry
31:35 Crossbowman
32:55 Leather Archer Armor
32:38 Murder Holes
35:20 Elite Skirmisher
41:33 Bow Saw
42:36 Arbalester
44:45 Gold Shaft Mining
45:03 Cavalier
45:45 Husbandry
Connection lost

Rejoining the realm…

Still unreachable

The connection could not be restored.

Session expired

The server has moved on; the page needs a fresh start.